 Dungeon Crawl Stone Soup version 0.31-a0-859-g9dce7d3444 (webtiles) character file.

Game seed: 1219070241558977746

887 CowFu the Skirmisher (level 7, -2/57 HPs)
             Began as a White Draconian Hunter on Oct 9, 2023.
             Slain by an iguana (10 damage)
             ... on level 6 of the Dungeon.
             The game lasted 00:04:21 (4218 turns).

CowFu the Skirmisher (White Draconian Hunter)       Turns: 4218, Time: 00:04:21

Health: -2/57      AC:  6    Str: 13    XL:     7   Next: 77%
Magic:  7/7        EV: 12    Int: 10    God:
Gold:   239        SH:  5    Dex: 16    Spells: 6/6 levels left

rFire   . . .        b - +0 falchion
rCold   + . .        (no shield)
rNeg    . . .        (body armour unavailable)
rPois   .            r - +0 hat {Will+}
rElec   .            (no cloak)
rCorr   .            (no gloves)
SInv    .            (no boots)
Will    +....        o - amulet of reflection
Stlth   ++           (no ring)
HPRegen 0.29/turn    (no ring)
MPRegen 0.10/turn

%: reflection
@: no status effects
A: breathe frost, AC +6, unfitting armour, cold resistance 1, cold-blooded
a: Breathe Frost


You were on level 6 of the Dungeon.
You visited 1 branch of the dungeon, and saw 6 of its levels.

You collected 239 gold pieces.

Inventory:

Hand Weapons
 a - a +0 shortbow
 b - a +0 falchion (weapon)
Armour
 r - a +0 hat of willpower (worn)
Jewellery
 o - an amulet of reflection (around neck)
 q - a ring of fire
Talismans
 v - a serpent talisman
Wands
 x - a wand of flame (12)
Scrolls
 c - 3 scrolls of amnesia {unknown}
 e - a scroll of blinking {unknown}
 g - 6 scrolls of identify {unknown}
 h - a scroll of brand weapon {unknown}
 i - a scroll of fog {unknown}
 l - a scroll of butterflies
 p - a scroll of poison {unknown}
 s - a scroll of fear {unknown}
 w - a scroll of vulnerability {unknown}
 y - 2 scrolls of teleportation {unknown}
 z - 2 scrolls of enchant weapon {unknown}
Potions
 d - 2 potions of berserk rage {unknown}
 f - a potion of degeneration {unknown}
 j - 2 potions of curing {unknown}
 k - a potion of haste {unknown}
 m - a potion of ambrosia {unknown}
 n - 2 potions of invisibility {unknown}
 t - a potion of heal wounds {unknown}
 u - 2 potions of attraction {unknown}


   Skills:
 + Level 3.6 Fighting
 + Level 8.6 Ranged Weapons
 - Level 1.7 Dodging
 - Level 0.8 Stealth


You had 6 spell levels left.
You didn't know any spells.
Your spell library contained the following spells:

 Spells                   Type           Power      Damage    Failure   Level
 Summon Forest            Summ/Tloc      0%         N/A       100%        5
 Summon Mana Viper        Hex/Summ       0%         N/A       100%        5
 Summon Cactus Giant      Summ           0%         N/A       100%        6


Dungeon Overview and Level Annotations

Branches:
Dungeon (6/15)
 Temple: D:4-7

Altars:
Dithmenos
Elyvilon
Gozag

Shops:
D:4 :


Innate Abilities, Weirdness & Mutations

You can breathe waves of freezing cold which knock back foes.
Your icy white scales are hard. (AC +6)
You cannot fit into any form of body armour.
Your flesh is cold resistant. (rC+)
You are cold-blooded and may be slowed by cold attacks.


Message History

You are too injured to fight recklessly!
You are too injured to fight recklessly!
You are too injured to fight recklessly!
You are too injured to fight recklessly!
You are too injured to fight recklessly!
You are too injured to fight recklessly!
You are too injured to fight recklessly!
You are too injured to fight recklessly!
You are too injured to fight recklessly!
You are too injured to fight recklessly!
You are too injured to fight recklessly!
You are too injured to fight recklessly!
You are too injured to fight recklessly!
You are too injured to fight recklessly!
You are too injured to fight recklessly!
You are too injured to fight recklessly!
You are too injured to fight recklessly!
You are too injured to fight recklessly!
You are too injured to fight recklessly!
You are too injured to fight recklessly!
You are too injured to fight recklessly!
b - a +0 falchion (weapon)
You are too injured to fight recklessly!
You are too injured to fight recklessly!
You are too injured to fight recklessly!
You hit the iguana but do no damage. The iguana bites you.
* * * LOW HITPOINT WARNING * * *
The iguana closely misses you.
You hit the iguana.
The iguana is moderately wounded.
The iguana bites you.
* * * LOW HITPOINT WARNING * * *
You hit the iguana. You tail-slap the iguana.
The iguana is heavily wounded.
The iguana barely misses you. The orc barely misses you.
You hit the iguana but do no damage.
The iguana is heavily wounded.
The iguana bites you but does no damage.
The orc completely misses you. The iguana bites you!
You die...

####### #...#
......#######'####
.................#
.................#
<................#
.................#
######...........#
.....#####+#.....#
......#....#....@#
......#....+....†lo.....
......#....#............
.....##....#............
##'####....######.......
......#.........#.......
......'.........#.......
......#.........#.......
.....##....##...#


You could see an iguana and an orc.

Vanquished Creatures
  3 black bears
  An ogre (D:4)
  A centaur (D:6)
  2 scorpions
  4 hounds
  An orc priest (D:4)
  2 iguanas (D:6)
  6 gnolls (D:3)
  3 adders
  2 worms
  3 orcs
  4 bats
  3 endoplasms
  3 giant cockroaches
  4 goblins
  5 hobgoblins
  3 jackals (D:4)
  6 kobolds
  3 quokkas
  6 ball pythons
  2 frilled lizards (D:2)
  6 rats
73 creatures vanquished.

Notes
Turn   | Place    | Note
-------+----------+-------------------------------------------
     0 | D:1      | CowFu the Draconian Hunter began the quest for the Orb.
     0 | D:1      | Reached XP level 1. HP: 17/17 MP: 1/1
   361 | D:1      | Reached skill level 4 in Ranged Weapons
   504 | D:1      | Reached XP level 2. HP: 15/24 MP: 2/2
  1460 | D:2      | Found a white marble altar of Elyvilon.
  1501 | D:2      | Reached XP level 3. HP: 29/29 MP: 3/3
  1892 | D:3      | Reached skill level 5 in Ranged Weapons
  1978 | D:3      | Reached XP level 4. HP: 31/36 MP: 4/4
  2304 | D:3      | Noticed a scorpion
  2417 | D:4      | Noticed an ogre
  2423 | D:4      | Killed an ogre
  2424 | D:4      | Reached skill level 6 in Ranged Weapons
  2424 | D:4      | Reached XP level 5. HP: 41/41 MP: 5/5
  2608 | D:4      | Identified the +0 ring mail of the Black Moon {Str+2}
  2622 | D:4      | Found Akhlijon's Vocational Training.
  2784 | D:4      | Found an opulent altar of Gozag.
  2863 | D:4      | Reached XP level 6. HP: 42/48 MP: 6/6
  2905 | D:4      | Found a shadowy altar of Dithmenos.
  3296 | D:5      | Entered Level 5 of the Dungeon
  3329 | D:5      | Reached skill level 7 in Ranged Weapons
  3709 | D:5      | Reached skill level 8 in Ranged Weapons
  3709 | D:5      | Your scales start taking on an icy white colour.
  3709 | D:5      | Reached XP level 7. HP: 43/55 MP: 7/7
  3709 | D:5      | Gained mutation: Your flesh is cold resistant. (rC+) [White
                  | Draconian growth]
  4218 | D:6      | Slain by an iguana

Illustrated notes

Levels and vault maps discovered:
D:1:      amcnicky_arrival_flooded_fountain, layout_loops_cross, serial_forest,
          infiniplex_forest_zigzag_1, infiniplex_forest_straight_3,
          infiniplex_forest_clump_C, infiniplex_forest_end_3,
          infiniplex_forest_lined_2, infiniplex_forest_end_2,
          infiniplex_forest_clump_double, infiniplex_forest_lined_1,
          serial_park_tiny_1
D:2:      layout_basic, basic_altar
D:3:      layout_rooms, lightli_corner_chamber
D:4:      layout_gridville, mainiacjoe_overflow_24_doors,
          mainiacjoe_overflow_paths, nicolae_shop_vocational
D:5:      layout_basic
D:6:      layout_gridville, nicolae_hepliaklqana_hippocampus, serial_shops,
          nicolae_diamond_shop, uniq_pikel

Skill      XL: |  1  2  3  4  5  6  7 |
---------------+----------------------+-----
Ranged Weapons | 4 5 6 8 |  8.6
Fighting       | 3 |  3.6
Dodging        | |  1.7
Stealth        | |  0.8

Action                     |  1- 3 |  4- 6 |  7- 9 || total
---------------------------+-------+-------+-------++-------
  Melee: Falchion          |   117 |       |     4 ||   121
         Tailslap          |    30 |       |     1 ||    31
         Punch             |     1 |       |       ||     1
   Fire: Shortbow          |    83 |   188 |    55 ||   326
 Armour: Skin              |    20 |    80 |    32 ||   132
  Dodge: Dodged            |    19 |    76 |    22 ||   117
  Block: Other             |     6 |    40 |    14 ||    60
         Reflection        |     1 |       |     2 ||     3

Table legend: (Time is in decaauts)
 A = Elapsed time spent in this place.
 B = Non-inter-level travel time spent in this place.
 C = Inter-level travel time spent in this place.
 D = Time resting spent in this place.
 E = Time spent auto-exploring this place.
 F = Levels seen in this place.
 G = Mean time per level.
                   A        B        C        D        E       F      G
               +--------+--------+--------+--------+--------+-----+--------+
         Total |   4280 |   4109 |    171 |      0 |   3381 |   6 |  713.3 |
       Dungeon |   4280 |   4109 |    171 |      0 |   3381 |   6 |  713.3 |
               +--------+--------+--------+--------+--------+-----+--------+

Top non-repeatable levels by time:
     D:1: 1092 daAuts
     D:4: 915 daAuts
     D:2: 778 daAuts
     D:5: 607 daAuts
     D:3: 570 daAuts
     D:6: 315 daAuts
